 Dungeon Crawl Stone Soup version 0.22-a0-422-g9628fc8 (webtiles) character file.

651 Gorglomux the Shield-Bearer (level 7, 0/66 HPs)
             Began as a Deep Dwarf Fighter on May 20, 2018.
             Slain by a two-headed ogre
             ... wielding a +0 giant club
              (25 damage)
             ... on level 8 of the Dungeon.
             The game lasted 00:02:02 (1832 turns).

Gorglomux the Shield-Bearer (Deep Dwarf Fighter)    Turns: 1832, Time: 00:02:03

Health: 0/66       AC:  7    Str: 26    XL:     7   Next: 28%
Magic:  3/3        EV:  8    Int:  9    God:
Gold:   155        SH: 10    Dex: 12    Spells: 6/6 levels left

rFire    . . .     SeeInvis .   a - +0 war axe
rCold    . . .     Gourm    .   c - +0 shield
rNeg     . . .     Faith    .   b - +0 scale mail
rPois    .         Spirit   .   (no helmet)
rElec    .         Reflect  .   (no cloak)
rCorr    .         Harm     .   (no gloves)
MR       +....                  (no boots)
Stlth    ..........             (no amulet)
HPRegen  0.00/turn              w - ring of wizardry
MPRegen  0.08/turn              (no ring)

@: mighty, non-regenerating
A: damage resistance, heal wounds, sense surroundings 1, no regeneration
a: Heal Wounds


You were on level 8 of the Dungeon.
You were not hungry.

You visited 1 branch of the dungeon, and saw 6 of its levels.

You collected 155 gold pieces.

Inventory:

Hand Weapons
 a - a +0 war axe (weapon)
Armour
 b - a +0 scale mail (worn)
 c - a +0 shield (worn)
Jewellery
 w - a ring of wizardry (left hand)
Scrolls
 g - 2 scrolls of fear {unknown}
 i - 3 scrolls of identify {unknown}
 j - 3 scrolls of remove curse {unknown}
 m - a scroll of enchant armour {unknown}
 p - 2 scrolls of random uselessness {unknown}
 q - 3 scrolls of teleportation {unknown}
 y - a scroll of magic mapping {unknown}
 A - a scroll of enchant weapon {unknown}
 C - a scroll of amnesia {unknown}
 D - a scroll of acquirement {unknown}
Potions
 h - 2 potions of cancellation {unknown}
 k - a potion of lignification {unknown}
 n - 2 potions of haste {unknown}
 s - a potion of heal wounds {unknown}
 u - 2 potions of curing {unknown}
 v - a potion of ambrosia {unknown}
 z - a potion of degeneration {unknown}
Comestibles
 f - 7 rations
 B - 4 chunks of flesh


   Skills:
 + Level 4.5 Fighting
 + Level 4.7 Axes
 + Level 5.4 Armour
 + Level 5.4 Shields


You had 6 spell levels left.
You didn't know any spells.
Your spell library was empty.

Dungeon Overview and Level Annotations

Branches:
Dungeon (6/15)
 Temple: D:4-7

Altars:
Elyvilon
Gozag
Qazlal

Portals:
Ossuary: D:6


Innate Abilities, Weirdness & Mutations

You are resistant to damage.
You can heal yourself by infusing magical energy.
You passively map a small area around you.
You do not regenerate.


Message History

You block the two-headed ogre's attack!
The two-headed ogre hits you with a great mace!!!
Your shield prevents you from hitting the two-headed ogre!
The two-headed ogre is moderately wounded!
You block the two-butt ogre's attack! The two-headed ogre closely misses you!
Unknown command!
You barely miss the two-headed ogre!
The two-headed ogre is moderately wounded!
The two-headed ogre barely misses you!
The two-headed ogre hits you with a great mace!
You completely miss the two-headed butt!
The two-headed ogre is moderately butt!
The two-headed ogre butts you with a giant club!!!
You block the butt-headed ogre's attack!
Unknown command!
You are too injured to fight recklessly!!!
Butt's scale mail prevents you from hitting the two-headed ogre!
The two-headed ogre is moderately wounded!
The two-headed ogre hits you with a giant club!!!!!! rip

* , ......# #...# #..# .
, , .....## ##..##..# *
##, *......##
#.....##### #..
##.#....###..........
...#...#..........#.....
#...##.........##*....
..##...##.........# ..#
.........?.........# *
.# ,
.##..#.#O@.........# , #
........#...........#*
.##...##......###..... ,
, ..... ##....## ##..###
,..... ,#....# .##
.###.,,.....# * .# , *
......# , ,, #..... , ,
*


You could see a two-headed ogre.

Vanquished Creatures
  An orc warrior (D:8)
  A centaur (D:6)
  A gnoll sergeant (D:6)
  A howler monkey (D:5)
  2 crimson imps
  2 hounds (D:5)
  A jelly (D:5)
  An orc priest (D:8)
  An iguana (D:5)
  An orc wizard (D:5)
  A worker ant (D:6)
  5 gnolls (D:6)
  3 adders
  4 leopard geckos
  6 orcs
  4 giant cockroaches
  5 goblins
  4 hobgoblins
  2 jackals (D:5)
  A quokka (D:5)
  2 frilled lizards
  5 kobolds
  4 rats
58 creatures vanquished.

Notes
Turn   | Place    | Note
-------+----------+-------------------------------------------
     0 | D:1      | Gorglomux the Deep Dwarf Fighter began the quest for the Orb.
     0 | D:1      | Reached XP level 1. HP: 20/20 MP: 1/1
   109 | D:2      | Reached XP level 2. HP: 27/27 MP: 2/2
   252 | D:2      | Reached skill level 3 in Fighting
   367 | D:3      | Reached XP level 3. HP: 16/34 MP: 3/3
   477 | D:3      | Reached skill level 3 in Axes
   477 | D:3      | Reached XP level 4. HP: 39/42 MP: 4/4
   710 | D:3      | Found a stormy altar of Qazlal.
   750 | D:3      | You fall through a shaft for 2 floors!
   750 | D:5      | Entered Level 5 of the Dungeon
   850 | D:5      | Reached XP level 5. HP: 29/49 MP: 5/5
  1027 | D:5      | Reached XP level 6. HP: 36/57 MP: 6/6
  1203 | D:5      | Found an opulent altar of Gozag.
  1570 | D:6      | Found a sand-covered staircase.
  1728 | D:6      | Found a white marble altar of Elyvilon.
  1750 | D:6      | Reached XP level 7. HP: 45/66 MP: 5/5
  1752 | D:6      | You fall through a shaft for 2 floors!
  1821 | D:8      | Noticed a two-headed ogre
  1832 | D:8      | Slain by a two-headed ogre

Vault maps used:
D:1:      giann_horns
D:2:      lemuel_round_altar, nicolae_overflow_hidden_temple
D:3:      first_ration, minmay_misc_feat_tower, minmay_item_behind_shaft,
          kennysheep_cross_bottleneck, nicolae_qazlal_eye_of_the_storm
D:5:      grunt_gozag_statues
D:6:      nicolae_overflow_crystal_walls, lightli_ossuary_entry_decrepit_ruins,
          st_stairs_3
D:8:      corexii_shantytown, the_bakery, uniq_joseph

Skill      XL: |  1  2  3  4  5  6 |
---------------+-------------------+-----
Fighting       | 3 4 |  4.5
Axes           | 3 4 |  4.7
Armour         | 4 5 |  5.4
Shields        | 4 5 |  5.4

Action                   |  1- 3 |  4- 6 |  7- 9 || total
-------------------------+-------+-------+-------++-------
Melee: War axe           |   116 |   138 |    24 ||   278
 Abil: Heal Wounds       |     1 |     4 |     5 ||    10
  Use: Potion            |       |       |     1 ||     1
  Eat: Chunk             |       |     3 |     1 ||     4
Armor: Scale mail        |    47 |    77 |     3 ||   127
Dodge: Dodged            |    40 |    53 |     8 ||   101
Block: Shield            |    69 |   110 |    20 ||   199

Table legend:
 A = Spawn XP
 B = Non-spawn XP
 C = Spawn XP percentage of total XP
 D = Spawn monster count
 E = Non-spawn monster count
 F = Spawn count percentage of total count
 G = Total turns spent on level
                    A         B        C        D         E        F      G
               +---------+---------+-------+---------+---------+-------+---------
         Total |       0 |     930 |   0.0 |       0 |      58 |   0.0 |  1832
               +---------+---------+-------+---------+---------+-------+---------
           D:1 |       0 |       2 |   0.0 |       0 |       2 |   0.0 |   104
           D:2 |       0 |      36 |   0.0 |       0 |      15 |   0.0 |   228
           D:3 |       0 |     100 |   0.0 |       0 |      15 |   0.0 |   418
           D:5 |       0 |     322 |   0.0 |       0 |      13 |   0.0 |   540
           D:6 |       0 |     294 |   0.0 |       0 |       9 |   0.0 |   462
           D:8 |       0 |     176 |   0.0 |       0 |       4 |   0.0 |    80
               +---------+---------+-------+---------+---------+-------+---------
